 Dungeon Crawl Stone Soup version 0.27-a0-797-g27d10ad80f (webtiles) character file.

Game seed: 4591289043039127851

299 Hasart the Conjurer (level 5, -8/38 HPs)
             Began as a Demigod Conjurer on Mar 27, 2021.
             Mangled by Duvessa
             ... wielding a +0 rapier
              (13 damage)
             ... on level 4 of the Dungeon.
             The game lasted 00:08:20 (3181 turns).

Hasart the Conjurer (Demigod Conjurer)              Turns: 3181, Time: 00:08:21

Health: -8/38      AC:  3    Str:  8    XL:     5   Next: 89%
Magic:  0/12       EV: 11    Int: 24    God:
Gold:   127        SH:  0    Dex: 12    Spells: 0/10 levels left

rFire    . . .     SeeInvis .   h - staff of conjuration
rCold    . . .     Faith    .   (no shield)
rNeg     . . .     Spirit   .   u - +0 leather armour {rPois}
rPois    +         Reflect  .   (no helmet)
rElec    .         Harm     .   (no cloak)
rCorr    .         Rampage  .   (no gloves)
Will     .....                  (no boots)
Stlth    ++........             (no amulet)
HPRegen  0.12/turn              m - ring of wizardry
MPRegen  0.13/turn              (no ring)

@: no status effects
A: high mp 1, forlorn
a: no special abilities


You were on level 4 of the Dungeon.
You visited 1 branch of the dungeon, and saw 4 of its levels.

You collected 209 gold pieces.
You spent 82 gold pieces at shops.

Inventory:

Hand Weapons
 b - a +0 dagger
 l - a +3 dagger of draining
Missiles
 v - 4 javelins
Armour
 u - a +0 leather armour of poison resistance (worn)
Magical Staves
 h - a staff of conjuration (weapon)
Jewellery
 m - a ring of wizardry (left hand)
Wands
 k - a wand of paralysis (8)
 s - a wand of random effects (12)
 w - a wand of polymorph (7)
Scrolls
 c - 4 scrolls of enchant armour {unknown}
 f - 3 scrolls of identify {unknown}
 g - a scroll of acquirement {unknown}
 o - 4 scrolls of teleportation {unknown}
 p - a scroll of enchant weapon {unknown}
 r - a scroll of summoning {unknown}
Potions
 a - a potion of invisibility {unknown}
 d - a potion of attraction {unknown}
 e - 2 potions of might {unknown}
 i - 5 potions of curing {unknown}
 j - a potion of lignification {unknown}
 n - a potion of brilliance {unknown}
 t - a potion of heal wounds {unknown}


   Skills:
 - Level 1.7 Dodging
 - Level 1.7 Stealth
 + Level 3.0 Spellcasting
 * Level 5.3 Conjurations
 + Level 1.4 Hexes
 + Level 2.1 Evocations


You couldn't memorise any spells.
You knew the following spells:

 Your Spells              Type           Power      Damage    Failure   Level
a - Magic Dart            Conj           100%       1d8       1%          1
b - Searing Ray           Conj           88%        3d6       1%          2
c - Fulminant Prism       Conj/Hex       15%        3d11      16%         4
d - Dazzling Flash        Conj/Hex       60%        N/A       4%          3

Your spell library contained the following spells:

 Spells                   Type           Power      Damage    Failure   Level
 Freeze                   Ice            12%        1d4       6%          1
 Frozen Ramparts          Ice            6%         1d2       19%         3
 Ozocubu's Armour         Ice            3%         N/A       19%         3
 Hailstorm                Conj/Ice       24%        3d7       21%         4
 Iskenderun's Mystic Bla  Conj/Tloc      24%        2d7       21%         4
 Summon Ice Beast         Ice/Summ       3%         N/A       50%         4


Dungeon Overview and Level Annotations

Branches:
Dungeon (4/15)             Temple (0/1) D:4

Shops:
D:2 *

Annotations:
D:4 Duvessa


Innate Abilities, Weirdness & Mutations

Your attributes grow dramatically as you level up.
You have an increased reservoir of magic. (+10% MP)
You shall have no god before yourself.


Message History

Aiming: Paralyse
Press: ? - help, Shift-Dir - straight line, f/p - Duvessa
Aim: Duvessa, wielding a +0 rapier and wearing a +0 leather armour (heavily wounded, berserk, chance to affect: 34%)
Okay, then.
Okay, then.
Blink to where?
Press: ? - help, Dir - move target, p - Duvessa
As you read the scroll of blinking, it crumbles to dust.
Duvessa rages.
Aiming: Searing Ray (safe; 1% risk of failure)
Press: ? - help, Q - select action, (/) - cycle Shift-Dir - straight line, f - you
Okay, then.
Aiming: Paralyse
Press: ? - help, Shift-Dir - straight line, f - Duvessa
Aim: Duvessa, wielding a +0 rapier and wearing a +0 leather armour (heavily wounded, berserk, chance to affect: 34%) Duvessa easily resists.
Aiming: Searing Ray (safe; 1% risk of failure)
Press: ? - help, Q - select action, (/) - cycle Shift-Dir - straight line, f/p - Duvessa
Aim: Duvessa, wielding a +0 rapier and wearing a +0 leather armour (heavily wounded, berserk, 16% to evade)
You feel a surge of power!
The searing ray hits Duvessa but does no damage.
Duvessa is heavily wounded. (Press . to maintain the ray.) Duvessa rages.
Unknown command.
The searing ray misses Duvessa.
Unknown command.
Unknown command.
Unknown command.
The searing ray hits Duvessa!
Duvessa is severely wounded.
Duvessa hits you with a +0 rapier!
* * * LOW HITPOINT WARNING * * *
Unknown command.
Unknown command.
Unknown command.
The searing ray hits Duvessa!
Duvessa is almost dead.
You finish channeling your searing ray.
Duvessa hits you with a +0 rapier!
You die...

#.....................
#.#############.####.S #.# #.#
.# ##########.# #.#### .#
..(.....>#.# #.##.####.####.
.####.####.#####.#.....#......
.# #.##<#.#.....##..#.#....#
.# #.##.#.#.###.#.....#....# .
.####.##.#.#.#
#@e...#.#....#..
......##.#.#.#
#.......#.......
#####......#.#
#..)..#......##. # #..#.###.#
##.##...........
#####..#.###.# #.##.#.#..#.###
...##..#.#...# #.##.#.#.##
##.##..#.#.######.##.#.###
...##.............##.#.#
##.........#########.#.#


You could see Duvessa (berserk).

Vanquished Creatures
  An ogre (D:4)
  A lemure (D:4)
  Dowan (D:4)
  A jelly (D:2)
  A centaur skeleton (D:4)
  6 adders
  A worm (D:4)
  A dart slug (D:2)
  An orc (D:3)
  8 ball pythons
  4 bats
  An endoplasm (D:2)
  A giant cockroach (D:4)
  4 goblins
  6 hobgoblins
  2 kobolds
  3 quokkas (D:1)
  7 frilled lizards
  2 rats
52 creatures vanquished.

Notes
Turn   | Place    | Note
-------+----------+-------------------------------------------
     0 | D:1      | Hasart the Demigod Conjurer began the quest for the Orb.
     0 | D:1      | Reached XP level 1. HP: 14/14 MP: 5/5
   193 | D:1      | Reached skill level 4 in Conjurations
   193 | D:1      | Reached XP level 2. HP: 20/20 MP: 2/7
   811 | D:2      | Learned a level 2 spell: Searing Ray
  1176 | D:2      | Reached XP level 3. HP: 26/26 MP: 2/9
  1503 | D:2      | Found Vomoxt's General Store.
  1505 | D:2      | Bought a scroll of blinking for 82 gold pieces
  1519 | D:2      | Reached skill level 1 in Evocations
  1733 | D:3      | Reached XP level 4. HP: 33/33 MP: 5/10
  1905 | D:3      | Learned a level 4 spell: Fulminant Prism
  2476 | D:4      | Found a staircase to the Ecumenical Temple.
  2584 | D:4      | Noticed a lemure
  2596 | D:4      | Killed a lemure
  2806 | D:4      | Noticed an ogre
  2810 | D:4      | Killed an ogre
  2811 | D:4      | Reached skill level 5 in Conjurations
  2811 | D:4      | Reached skill level 1 in Hexes
  2811 | D:4      | Reached XP level 5. HP: 38/38 MP: 5/12
  3017 | D:4      | Noticed Duvessa
  3110 | D:4      | Noticed Dowan
  3117 | D:4      | Killed Dowan
  3156 | D:4      | Learned a level 3 spell: Dazzling Flash
  3181 | D:4      | Mangled by Duvessa

Illustrated notes

Levels and vault maps discovered:
D:1:      minmay_arrival_arboretum_small, layout_basic,
          amcnicky_mini_rare_corridor_liquid, minmay_misc_feat_hallway,
          wander_ebering_terrifying_dragon_lair
D:2:      layout_loops_ring, old_standard_altar, tso_metal_star,
          lemuel_round_altar, serial_shops, shop
D:3:      layout_rooms
D:4:      layout_basic, nicolae_gozag_seed_capital,
          minmay_temple_entry_gardened_gates, uniq_pikel, uniq_duvessa

Skill      XL: |  1  2  3  4  5 |
---------------+----------------+-----
Spellcasting   | 2 3 |  3.0
Conjurations   | 4 5 |  5.3
Evocations     | 1 2 |  2.1
Hexes          | 1 |  1.4
Dodging        | |  1.7
Stealth        | |  1.7

Action                   |  1- 3 |  4- 6 || total
-------------------------+-------+-------++-------
Melee: Staff             |       |     9 ||     9
 Cast: Magic Dart        |    47 |    37 ||    84
       Searing Ray       |     2 |     6 ||     8
       Dazzling Flash    |       |     1 ||     1
Evoke: Wand              |       |     1 ||     1
  Use: Scroll            |       |     1 ||     1
Armor: Leather armour    |       |     7 ||     7
Dodge: Dodged            |       |    15 ||    15

Table legend: (Time is in decaauts)
 A = Elapsed time spent in this place.
 B = Non-inter-level travel time spent in this place.
 C = Inter-level travel time spent in this place.
 D = Time resting spent in this place.
 E = Time spent auto-exploring this place.
 F = Levels seen in this place.
 G = Mean time per level.
                   A        B        C        D        E       F      G
               +--------+--------+--------+--------+--------+-----+--------+
         Total |   3179 |   3139 |     40 |    210 |   2518 |   4 |  794.8 |
       Dungeon |   3179 |   3139 |     40 |    210 |   2518 |   4 |  794.8 |
               +--------+--------+--------+--------+--------+-----+--------+

Top non-repeatable levels by time:
     D:4: 927 daAuts
     D:2: 818 daAuts
     D:1: 766 daAuts
     D:3: 667 daAuts
